 Dungeon Crawl Stone Soup version 0.19.5 (webtiles) character file.

1481 Monsterracer the Destroyer (level 8, -4/41 HPs)
             Began as a Deep Elf Conjurer on Sept 24, 2017.
             Shot with an arrow by a centaur (7 damage)
             ... on level 5 of the Dungeon.
             The game lasted 00:12:25 (5726 turns).

Monsterracer the Destroyer (Deep Elf Conjurer)      Turns: 5726, Time: 00:12:25

Health: -4/41      AC:  3    Str:  5    XL:     8   Next: 50%
Magic:  13/21      EV: 13    Int: 23    God:
Gold:   147        SH:  4    Dex: 15    Spells: 5 memorised, 5 levels left

rFire  . . .     SeeInvis .     a - +1 short sword (holy)
rCold  . . .     Gourm    .     o - +1 robe
rNeg   . . .     Faith    .     (no shield)
rPois  .         Spirit   .     (no helmet)
rElec  .         Reflect  +     (no cloak)
rCorr  .         Harm     .     (no gloves)
MR     .....                    (no boots)
Stlth  ++........               g - +4 amulet of reflection
                                (no ring)
                                (no ring)

@: starving
A: no striking features
a: no special abilities


You were on level 5 of the Dungeon.
You were starving.

You visited 1 branch of the dungeon, and saw 5 of its levels.

You collected 147 gold pieces.

Inventory:

Hand Weapons
 a - a +1 short sword of holy wrath (weapon)
 b - a +1 dagger of venom
Missiles
 u - a throwing net (quivered)
Armour
 f - a +1 leather armour of fire resistance
 m - a +1 leather armour of cold resistance
 o - a +1 robe (worn)
Jewellery
 g - a +4 amulet of reflection (around neck)
Wands
 e - a wand of disintegration (11/24)
Scrolls
 p - a scroll of teleportation
 q - 2 scrolls of remove curse
Potions
 h - 2 potions of heal wounds
 j - a potion of agility
 l - 4 potions of curing
 n - 3 potions of lignification
 s - a potion of magic
Books
 r - a book of Cantrips

   Spells                             Type                      Level
   a - Confusing Touch                Hexes                        1
   b - Animate Skeleton               Necromancy                   1
   c - Summon Small Mammal            Summoning                    1
   d - Apportation                    Translocation                1
Comestibles
 c - 4 bread rations
 d - 2 slices of pizza
 i - 7 meat rations
 k - 2 beef jerkies


   Skills:
 - Level 2.4 Dodging
 - Level 2.4 Stealth
 + Level 7.4 Spellcasting
 * Level 9.0 Conjurations
 + Level 3.6 Hexes
 + Level 7.0 Charms


You had 5 spell levels left.
You knew the following spells:

 Your Spells              Type           Power        Failure   Level  Hunger
a - Magic Dart            Conj           ####         1%          1    None
b - Searing Ray           Conj           ######       1%          2    None
c - Fulminant Prism       Conj/Hex       #####.....   8%          4    ###....
d - Iskenderun's Battles  Conj/Chrm      #####...     10%         5    #####..
f - Iskenderun's Mystic   Conj           ######..     1%          4    ###....


Dungeon Overview and Level Annotations

Branches:
Dungeon (5/15)
 Temple: D:4-7

Altars:
Elyvilon
Kikubaaqudgha
Sif Muna

Shops:
D:5 }


Message History

The bullfrog skeleton barely misses you.
You hit the bullfrog skeleton.
The bullfrog skeleton convulses.
The bullfrog skeleton is almost destroyed.
The bullfrog skeleton hits you.
* * * LOW HITPOINT WARNING * * *
Damage: -3%(-1hp) hp: 49%(20hp) Unknown command.
You hit the bullfrog skeleton.
You destroy the bullfrog skeleton!
i - 7 meat rations (gained 1)
There isn't anything here!
r - a book of Cantrips You start resting.
You are starving!
Okay, then.
A centaur comes into view.
The shadow imp shouts, "Scamper home, thou hateful pigeon-egg giglet!"
The shadow imp shouts, "Slither hence, thou flimsy fool-headed scut!"
The centaur shouts!
The centaur wields a shortbow.
The centaur shoots an arrow.
The arrow hits you!
* * * LOW HITPOINT WARNING * * *
You see here an arrow.
Huge Dmg: -25%(-10hp) hp: 49%(20hp)
The centaur shoots an arrow.
The arrow hits you!
* * * LOW HITPOINT WARNING * * *
There is a stone staircase leading up, spattered with blood here.
You see here an arrow.
Huge Dmg: -41%(-17hp) hp: 8%(3hp)
The centaur shoots an arrow.
The arrow hits you!
You die...

. .##.#..........#
#.# ...
#..).........# #.#
#.... ##....(......#
#.#
#....###.)#'##+#####
#.# #............#
#.#
#....c.......#+####
#.#
................!.
#.#
..........(.......
#.#
####5....@.......
#.#
#..p.........$...
#.#
#.....##..#......
#.##
#.....###.#......
#... #.....#
#..#'#### ####
#.....# ##.#.#
#...p.# ...# #######
#.. ...


You could see a centaur, a shadow imp and a neutral freed slave (wandering).

Vanquished Creatures
  Pikel (D:5)
  Duvessa (D:4)
  A slave (D:5)
  An ice beast (D:5)
  The ghost of Bacchus the Poker, an amateur DsGl (D:3)
  Blork the orc (D:4)
  A bullfrog (D:5)
  Dowan (D:4)
  3 crimson imps (D:5)
  A hound (D:4)
  An orc priest (D:4)
  A bullfrog skeleton (D:5)
  5 orc wizards
  A worker ant (D:5)
  4 gnolls (D:4)
  7 adders
  A howler monkey skeleton (D:5)
  2 oozes (D:3)
  A worm (D:2)
  4 dart slugs
  4 leopard geckos
  5 orcs
  13 bats
  4 giant cockroaches
  6 goblins
  9 hobgoblins
  A quokka (D:2)
  3 ball pythons
  5 frilled lizards
  11 kobolds
  7 rats
107 creatures vanquished.

Vanquished Creatures (others)
  A centaur skeleton (D:5)
  An orc (D:5)
  2 fulminant prisms
4 creatures vanquished.

Grand Total: 111 creatures vanquished

Notes
Turn   | Place    | Note
-------+----------+-------------------------------------------
     0 | D:1      | Monsterracer the Deep Elf Conjurer began the quest for the Orb.
     0 | D:1      | Reached XP level 1. HP: 10/10 MP: 6/6
   337 | D:1      | Reached XP level 2. HP: 15/15 MP: 5/8
   366 | D:1      | Learned a level 2 spell: Searing Ray
   545 | D:1      | Reached skill level 5 in Conjurations
   852 | D:1      | Reached XP level 3. HP: 19/19 MP: 2/10
  1443 | D:2      | Found a white marble altar of Elyvilon.
  2172 | D:3      | Noticed Bacchus's ghost (amateur DsGl)
  2184 | D:3      | Killed Bacchus's ghost
  2184 | D:3      | Reached skill level 6 in Conjurations
  2184 | D:3      | Reached XP level 4. HP: 18/24 MP: 2/12
  2184 | D:3      | Reached XP level 5. HP: 22/28 MP: 2/14
  2191 | D:3      | Learned a level 5 spell: Iskenderun's Battlesphere
  2196 | D:3      | Learned a level 4 spell: Iskenderun's Mystic Blast
  2515 | D:3      | Reached skill level 1 in Charms
  2516 | D:3      | Reached skill level 5 in Spellcasting
  3462 | D:4      | Reached XP level 6. HP: 21/32 MP: 8/16
  3767 | D:4      | Noticed Blork the orc
  3773 | D:4      | Killed Blork the orc
  3774 | D:4      | Noticed Dowan
  3921 | D:4      | Found a deep blue altar of Sif Muna.
  3938 | D:4      | Noticed Duvessa
  3968 | D:4      | Killed Duvessa
  3968 | D:4      | Reached skill level 7 in Conjurations
  3973 | D:4      | Killed Dowan
  3973 | D:4      | Reached XP level 7. HP: 24/36 MP: 8/17
  4173 | D:4      | Reached skill level 5 in Charms
  4186 | D:4      | Learned a level 4 spell: Fulminant Prism
  4438 | D:4      | Found an ancient bone altar of Kikubaaqudgha.
  5078 | D:5      | Entered Level 5 of the Dungeon
  5101 | D:5      | Reached skill level 1 in Hexes
  5353 | D:5      | Found Poadghaty's Quality Used Wands.
  5357 | D:5      | Reached skill level 8 in Conjurations
  5546 | D:5      | Noticed Pikel
  5609 | D:5      | Killed Pikel
  5609 | D:5      | Reached XP level 8. HP: 33/41 MP: 4/20
  5623 | D:5      | Reached skill level 9 in Conjurations
  5650 | D:5      | HP: 20/41 [bullfrog skeleton (1)]
  5724 | D:5      | HP: 20/41 [centaur/arrow (10)]
  5725 | D:5      | HP: 3/41 [centaur/arrow (17)]
  5726 | D:5      | Shot with an arrow by a centaur

Skill      XL: |  1  2  3  4  5  6  7  8 |
---------------+-------------------------+-----
Conjurations   | 5 6 7 8 9 |  9.0
Spellcasting   | 4 5 7 |  7.4
Charms         | 3 4 6 7 |  7.0
Hexes          | 3 |  3.6
Dodging        | |  2.4
Stealth        | |  2.4

Action                   |  1- 3 |  4- 6 |  7- 9 || total
-------------------------+-------+-------+-------++-------
Melee: Short sword       |       |     7 |    17 ||    24
 Cast: Magic Dart        |    81 |    57 |    57 ||   195
       Searing Ray       |     4 |     6 |     5 ||    15
       Iskenderun's Myst |       |     3 |       ||     3
       Fulminant Prism   |       |       |     2 ||     2
       Iskenderun's Batt |       |       |     1 ||     1
  Use: Scroll            |       |    10 |     3 ||    13
  Eat: Chunk             |     3 |     6 |     3 ||    12
       Beef jerky        |       |       |     1 ||     1
Armor: Robe              |     1 |     3 |     4 ||     8
Dodge: Dodged            |    11 |    11 |     9 ||    31
Block: Other             |       |       |     2 ||     2

Vault maps used:
D:1:      dpeg_arrival_boxes_within_box, minmay_pentomino_u4
D:2:      marbit_many_paths
D:3:      grunt_decor_arrowhead
D:4:      led_sif_book, lemuel_round_altar, first_bread, minivault_1,
          uniq_duvessa, uniq_blork_the_orc
D:5:      lemuel_ice_spiral_2, nicolae_for_you_no_charge, uniq_pikel
